 Dungeon Crawl Stone Soup version 0.22-a0-512-g0943f25 (webtiles) character file.

454 Mamutox the Chopper (level 7, -12/61 HPs)
             Began as a Hill Orc Chaos Knight on June 18, 2018.
             Mangled by an ogre
             ... wielding a +0 giant club
              (27 damage)
             ... on level 4 of the Dungeon.
             The game lasted 00:18:45 (3147 turns).

Mamutox the Chopper (Hill Orc Chaos Knight)         Turns: 3147, Time: 00:18:46

Health: -12/61     AC:  7    Str: 16    XL:     7   Next: 5%
Magic:  7/7        EV: 12    Int: 14    God:    Xom [.....*]
Gold:   200        SH:  0    Dex: 11    Spells: 7/7 levels left

rFire    . . .     SeeInvis .   a - +0 hand axe (chaos)
rCold    + . .     Gourm    .   (no shield)
rNeg     . . .     Faith    .   n - +1 leather armour {rC+}
rPois    .         Spirit   .   x - +1 helmet
rElec    .         Reflect  .   z - scarf {cloud immunity}
rCorr    .         Harm     .   (no gloves)
MR       .....                  (no boots)
Stlth    +.........             (no amulet)
HPRegen  0.60/turn              (no ring)
MPRegen  0.10/turn              (no ring)

@: flying
A: clever 1, regeneration 1, shaggy fur 1
a: Renounce Religion


You were on level 4 of the Dungeon.
You worshipped Xom.
You were Xom's teddy bear.
You were hungry.

You visited 1 branch of the dungeon, and saw 4 of its levels.

You collected 200 gold pieces.

Inventory:

Hand Weapons
 a - a +0 hand axe of chaos (weapon)
Missiles
 e - 99 stones (quivered)
 j - 29 arrows
 k - 81 sling bullets
 v - 15 poisoned needles
 y - 2 curare-tipped needles
Armour
 b - a +2 leather armour
 n - a +1 leather armour of cold resistance (worn)
 x - a +1 helmet (worn)
 z - a scarf of cloud immunity (worn)
 C - a +2 scale mail of poison resistance
Magical Staves
 A - an uncursed staff of poison
Wands
 D - a wand of random effects (22)
Scrolls
 f - 5 scrolls of remove curse
 i - a scroll of noise {unknown}
 l - a scroll of fear {unknown}
 m - 3 scrolls of identify {unknown}
 p - a scroll of magic mapping {unknown}
 q - a scroll of immolation
 s - a scroll of random uselessness {unknown}
 t - a scroll of enchant armour {unknown}
 u - a scroll of amnesia {unknown}
 w - a scroll of blinking {unknown}
Potions
 d - a potion of lignification {unknown}
 g - a potion of curing {unknown}
 h - a potion of might {unknown}
 o - a potion of ambrosia {unknown}
 r - a potion of flight
 B - 2 potions of heal wounds {unknown}
 E - a potion of degeneration {unknown}
Comestibles
 c - 15 rations


   Skills:
 + Level 5.2 Fighting
 + Level 6.9 Axes
 + Level 3.7 Armour
 + Level 2.2 Dodging
 - Level 1.4 Stealth
 + Level 0.5 Spellcasting


You had 7 spell levels left.
You didn't know any spells.
Your spell library was empty.

Dungeon Overview and Level Annotations

Branches:
Dungeon (4/15)
 Temple: D:4-7

Altars:
Elyvilon
Trog
Xom


Innate Abilities, Weirdness & Mutations

Your mind is acute. (Int +2)
Your natural rate of healing is unusually fast.
You are covered in fur. (AC +1)


Message History

The ogre is severely wounded.
The ogre misses you.
You hit the ogre. You burn the ogre.
The ogre is severely wounded.
The ogre hits you but does no damage.
You hit the ogre but do no damage.
The ogre is severely wounded.
The ogre hits you with a giant club!
You hit the ogre.
The ogre is almost dead.
The ogre hits you with a giant club! The ogre misses you.
You hit the ogre. You burn the ogre.
The ogre is almost dead.
The ogre hits you with a giant club!
* * * LOW HITPOINT WARNING * * *
It was a potion of flight.
You feel very buoyant.
You fly up into the air.
The ogre hits you with a giant club!!
You die...
Xom roars with laughter!

.........####.#.# #.##.
########.# #.#.# #.##.
########.# ##.#.#####.##.
.........###....##.......
########.##...........##.
#..........>#####.
###.##........# #.
#####.............# #.
....^.O@####.<....# #.
####....# #......).....
......... ####...######
.#........ ....#
#......... ##...#
###.....### ##### ......#
##...?.#


You could see an ogre.

Vanquished Creatures
  A sky beast (shapeshifter) (D:4)
  A howler monkey (shapeshifter) (D:2)
  A howler monkey (D:3)
  2 orc wizards (D:3)
  An orc priest (D:3)
  Terence (D:3)
  7 adders
  An ooze (D:2)
  3 worms (D:2)
  4 leopard geckos
  8 orcs (D:3)
  7 bats
  3 giant cockroaches
  8 goblins
  12 hobgoblins
  6 jackals
  7 kobolds
  A quokka (D:4)
  3 ball pythons
  7 frilled lizards
  A quokka skeleton (D:4)
  7 rats
92 creatures vanquished.

Vanquished Creatures (others)
  A quokka (D:2)
1 creature vanquished.

Grand Total: 93 creatures vanquished

Notes
Turn   | Place    | Note
-------+----------+-------------------------------------------
     0 | D:1      | Mamutox the Hill Orc Chaos Knight began the quest for the Orb.
     0 | D:1      | Reached XP level 1. HP: 19/19 MP: 1/1
    47 | D:1      | XOM: potion effect (invisibility)
    66 | D:1      | XOM: scenery: create altars
    94 | D:1      | Reached XP level 2. HP: 10/27 MP: 2/2
   245 | D:1      | XOM: medium Tmut miscast
   276 | D:1      | Gained mutation: Your natural rate of healing is unusually fast. [mutagenic glow]
   803 | D:1      | XOM: mild Ice miscast
   870 | D:2      | Noticed a howler monkey
   870 | D:2      | a gnoll changed into a howler monkey
   880 | D:2      | Killed a howler monkey
   880 | D:2      | Reached skill level 5 in Axes
   880 | D:2      | Reached skill level 1 in Dodging
   880 | D:2      | Reached XP level 3. HP: 10/34 MP: 3/3
   880 | D:2      | Reached XP level 4. HP: 12/41 MP: 4/4
  1084 | D:2      | XOM: mild Tloc miscast
  1217 | D:2      | Found a white marble altar of Elyvilon.
  1270 | D:2      | Reached skill level 1 in Stealth
  1388 | D:2      | XOM: blink monster(s)
  1465 | D:2      | Found a faded altar of an unknown god.
  1492 | D:2      | XOM: confusion (+ monsters)
  1564 | D:2      | XOM: noise
  1608 | D:2      | Reached XP level 5. HP: 41/47 MP: 5/5
  1806 | D:2      | XOM: give mutations
  1806 | D:2      | Gained mutation: You are covered in fur. (AC +1) [Xom's grace]
  1806 | D:2      | Gained mutation: Your mind is acute. (Int +2) [Xom's grace]
  2143 | D:3      | Found a glowing drain.
  2294 | D:3      | XOM: god gift: 5 rations
  2296 | D:3      | XOM: confuse monster(s)
  2340 | D:3      | Reached skill level 6 in Axes
  2384 | D:3      | XOM: god gift: thick jewelled staff {god gift}
  2389 | D:3      | Found a bloodstained altar of Trog.
  2482 | D:3      | Reached XP level 6. HP: 37/55 MP: 6/6
  2654 | D:3      | Noticed Terence
  2679 | D:3      | Killed Terence
  2704 | D:3      | Reached skill level 5 in Fighting
  2705 | D:3      | XOM: scenery: 1 doors close
  2774 | D:3      | XOM: scenery: create altars
  2795 | D:3      | XOM: scenery: 1 doors open, 1 doors close
  3007 | D:4      | XOM: polymorph hound -> gnoll
  3070 | D:4      | Noticed a sky beast
  3070 | D:4      | a worm changed into a sky beast
  3074 | D:4      | Killed a sky beast
  3074 | D:4      | Reached XP level 7. HP: 47/61 MP: 7/7
  3147 | D:4      | Mangled by an ogre

Vault maps used:
D:1:      evilmike_arrival_hilbert_curve
D:2:      chequers_ecumenical_altar_island, st_stairs_3, elyvilon_altar_4
D:3:      first_ration, cheibrodos_sewer_entry_drain, trog_book, uniq_terence
D:4:      cheibrodos_greedy_goblins

Skill      XL: |  1  2  3  4  5  6 |
---------------+-------------------+-----
Fighting       | 4 5 |  5.2
Axes           | 5 6 |  6.9
Dodging        | 1 2 |  2.2
Stealth        | 1 |  1.4
Armour         | 3 |  3.7
Spellcasting   | |  0.5

Action                   |  1- 3 |  4- 6 |  7- 9 || total
-------------------------+-------+-------+-------++-------
Melee: Hand axe          |    65 |   267 |    12 ||   344
  Use: Scroll            |       |     2 |       ||     2
       Potion            |       |       |     1 ||     1
 Stab: Petrified         |     3 |       |       ||     3
       Petrifying        |     2 |       |       ||     2
       Invisible         |     1 |       |       ||     1
       Confused          |       |     2 |       ||     2
       Sleeping          |       |     2 |       ||     2
  Eat: Chunk             |       |     7 |       ||     7
Armor: Leather armour    |    23 |   101 |     2 ||   126
Dodge: Dodged            |    43 |   133 |     5 ||   181

Table legend:
 A = Spawn XP
 B = Non-spawn XP
 C = Spawn XP percentage of total XP
 D = Spawn monster count
 E = Non-spawn monster count
 F = Spawn count percentage of total count
 G = Total turns spent on level
                    A         B        C        D         E        F      G
               +---------+---------+-------+---------+---------+-------+---------
         Total |       0 |     649 |   0.0 |       0 |      92 |   0.0 |  3147
               +---------+---------+-------+---------+---------+-------+---------
           D:1 |       0 |      25 |   0.0 |       0 |      15 |   0.0 |   864
           D:2 |       0 |     155 |   0.0 |       0 |      30 |   0.0 |  1247
           D:3 |       0 |     324 |   0.0 |       0 |      43 |   0.0 |   878
           D:4 |       0 |     145 |   0.0 |       0 |       4 |   0.0 |   158
               +---------+---------+-------+---------+---------+-------+---------
